AoeStats
← Hobzo von Malowitz

Arabia

508766850Analyzed
2v2 RM · 8d ago on Sep 24, 2026· 93m 12s· 4 players
Game mode
Random Map
Map size
Medium (4 player)
Population
200
Speed
Normal
Resources
Standard
Victory
Conquest
Starting age
Dark Age
Ending age
Imperial Age
RankedLock teamsTeams togetherTeam positionsShared explorationLock speedFull tech treeHidden civsTurbo modeCheats
Victory
Defeat
🇸🇰 Byzantines · Slovakia
883
+15
🇨🇿 Mongols · Czechia
800
+25
🇨🇴 Slavs · Colombia
857
-17
🇺🇸 Spanish · United States
844
-29
Marecek
6:38 Loom
9:32 Feudal Age
9:59 Double-Bit Axe
9:55 Horse Collar
16:23 Wheelbarrow
20:22 Castle Age
19:01 Padded Archer Armor
19:09 Scale Barding Armor
19:09 Padded Archer Armor
19:12 Fletching
20:20 Scale Barding Armor
21:27 Heavy Plow
21:38 Bow Saw
21:47 Leather Archer Armor
22:28 Bodkin Arrow
24:40 Ballistics
24:48 Husbandry
25:10 Chain Barding Armor
25:37 Elite Skirmisher
26:51 Gold Mining
31:04 Stone Mining
31:50 Gold Shaft Mining
37:10 Thumb Ring
39:05 Hand Cart
39:22 Forging
41:44 Imperial Age
41:05 Sanctity
40:53 Murder Holes
41:40 Scale Mail Armor
42:18 Iron Casting
43:07 Conscription
42:14 Cavalier
43:44 Stone Shaft Mining
44:28 Ring Archer Armor
43:59 Bracer
45:00 Plate Barding Armor
45:28 Chemistry
44:01 Paladin
49:18 Hoardings
49:44 Crop Rotation
50:15 Two-Man Saw
74:56 Heavy Camel Rider
84:38 Pikeman
84:48 Elite Varangian Guard
Hobzo von Malowitz
7:50 Loom
10:16 Feudal Age
12:25 Double-Bit Axe
12:22 Horse Collar
23:00 Castle Age
21:50 Fletching
22:36 Padded Archer Armor
24:07 Bloodlines
23:58 Husbandry
24:53 Bodkin Arrow
25:13 Leather Archer Armor
25:11 Forging
28:38 Iron Casting
28:11 Scale Barding Armor
29:31 Bow Saw
32:30 Ballistics
32:14 Stone Mining
32:15 Gold Mining
36:07 Thumb Ring
35:24 Elite Skirmisher
35:42 Light Cavalry
36:57 Leather Archer Armor
36:42 Scale Mail Armor
36:48 Scale Barding Armor
40:14 Chain Barding Armor
42:26 Scale Mail Armor
49:40 Imperial Age
55:33 Wheelbarrow
59:31 Imperial Age
57:21 Hand Cart
56:53 Town Watch
61:39 Stone Shaft Mining
66:54 Heavy Plow
81:41 Squires
81:59 Pikeman
83:18 Scale Mail Armor
88:14 Chain Mail Armor
Wood
10:40 Feudal Age
12:03 Wheelbarrow
13:19 Double-Bit Axe
14:37 Forging
14:32 Scale Barding Armor
15:15 Horse Collar
20:30 Fletching
20:40 Padded Archer Armor
20:40 Scale Mail Armor
24:55 Castle Age
23:33 Gold Mining
23:35 Stone Mining
24:10 Bloodlines
26:11 Hand Cart
25:59 Heavy Plow
26:10 Bow Saw
26:38 Stone Shaft Mining
26:31 Husbandry
27:09 Town Watch
27:10 Loom
27:26 Light Cavalry
32:37 Ballistics
35:12 Iron Casting
34:57 Chain Barding Armor
37:52 Fervor
38:14 Masonry
38:01 Murder Holes
38:23 Fortified Wall
38:03 Guard Tower
41:55 Imperial Age
42:16 Elite Conquistador
43:58 Town Patrol
45:13 Chemistry
45:06 Plate Barding Armor
45:32 Blast Furnace
44:41 Bodkin Arrow
45:01 Leather Archer Armor
44:56 Thumb Ring
45:29 Architecture
44:57 Hussar
49:37 Conscription
49:56 Chain Mail Armor
49:42 Bracer
50:12 Ring Archer Armor
52:45 Caravan
53:18 Coinage
52:58 Guilds
54:12 Plate Mail Armor
58:33 Supremacy
57:44 Sappers
Lord_Daml
2:04 Loom
12:59 Feudal Age
18:10 Castle Age
16:31 Stone Mining
16:32 Double-Bit Axe
17:26 Horse Collar
28:03 Husbandry
31:47 Imperial Age
28:47 Pikeman
29:39 Fletching
30:01 Forging
29:39 Elite Skirmisher
31:11 Wheelbarrow
31:25 Ballistics
31:01 Murder Holes
31:38 Bow Saw
31:55 Capped Ram
35:34 Bodkin Arrow
36:15 Iron Casting
36:37 Halberdier
37:18 Squires
38:10 Scale Mail Armor
39:06 Hoardings
38:59 Hand Cart
38:57 Gold Mining
40:21 Blast Furnace
40:44 Two-Man Saw
40:50 Chain Mail Armor
41:45 Caravan
42:45 Gold Shaft Mining
42:48 Plate Mail Armor
43:17 Onager
44:45 Scale Barding Armor
46:39 Conscription
49:46 Chemistry
48:51 Siege Engineers
55:01 Siege Ram
60:54 Siege Onager
65:47 Druzhina
65:08 Elite Boyar
67:33 Chain Barding Armor
74:39 Plate Barding Armor
78:59 Redemption
79:05 Masonry
86:47 Heavy Scorpion
Connection lost

Rejoining the realm…

Still unreachable

The connection could not be restored.

Session expired

The server has moved on; the page needs a fresh start.